 Dungeon Crawl Stone Soup version 0.18-a0-1405-g73f4075 (webtiles) character file.

539 namelastname112 the Conjurer (level 7, 38/50 HPs)
             Began as a Mottled Draconian Conjurer on Feb 24, 2016.
             Quit the game on level 4 of the Dungeon.
             The game lasted 00:05:20 (3979 turns).

namelastname112 the Conjurer (DrCj)                 Turns: 3979, Time: 00:05:20

Health: 38/50      AC:  7    Str: 10    XL:     7   Next: 5%
Magic:  5/14       EV: 18    Int: 15    God:
Gold:   202        SH:  0    Dex: 12    Spells: 3 memorised, 7 levels left

rFire  . . .     SeeInvis .     c - +0 dagger
rCold  . . .     Gourm    .     (armour unavailable)
rNeg   . . .     Faith    .     (no shield)
rPois  .         Spirit   .     (helmet restricted)
rElec  .         Dismiss  .     g - +0 cloak
rCorr  .         Reflect  .     (no gloves)
SustAt .         Harm     .     (no boots)
MR     .....                    (no amulet)
Stlth  ++........               s - -2 ring of intelligence (curse)
                                p - +6 ring of evasion

@: mildly poisoned (38 -> 33), not resistant to hostile enchantments, unstealthy
A: breathe sticky flame splash, unfitting armour, cold-blooded, AC +6
a: Breathe Sticky Flame


You were on level 4 of the Dungeon.
You were not hungry.

You visited 1 branch of the dungeon, and saw 4 of its levels.

You collected 202 gold pieces.

Inventory:

Hand Weapons
 c - a +0 dagger (weapon)
Armour
 g - a +0 cloak (worn)
Jewellery
 p - a +6 ring of evasion (left hand)
 s - a cursed -2 ring of intelligence (right hand)
Scrolls
 e - 5 scrolls of identify {unknown}
 i - 3 scrolls of remove curse {unknown}
 j - a scroll of teleportation {unknown}
 m - 3 scrolls of enchant weapon {unknown}
 n - a scroll of immolation {unknown}
 o - 2 scrolls of random uselessness {unknown}
 r - a scroll of noise {unknown}
 t - a scroll of blinking {unknown}
Potions
 d - a potion of might {unknown}
 h - 3 potions of curing {unknown}
 k - 2 potions of brilliance {unknown}
 l - a potion of agility {unknown}
Books
 a - a book of Conjurations

   Spells                             Type                      Level
   a - Magic Dart                     Conjuration                  1
   b - Searing Ray                    Conjuration                  2
   c - Dazzling Spray                 Conjuration/Hexes            3
   d - Fulminant Prism                Conjuration/Hexes            4
   e - Iskenderun's Mystic Blast      Conjuration                  4
   f - Iskenderun's Battlesphere      Conjuration/Charms           5
Comestibles
 b - 2 bread rations
 f - 2 meat rations
 q - a beef jerky


   Skills:
 - Level 1.7 Dodging
 - Level 1.7 Stealth
 + Level 4.7 Spellcasting
 + Level 6.3 Conjurations
 + Level 2.3 Charms


You had 7 spell levels left.
You knew the following spells:

 Your Spells              Type           Power        Failure   Level  Hunger
a - Iskenderun's Battles  Conj/Chrm      ###.....     78%         5    ######.
x - Searing Ray           Conj           ###...       1%          2    ##.....
z - Magic Dart            Conj           ###.         1%          1    None


Dungeon Overview and Level Annotations

Branches:
Dungeon (4/15)
 Temple: D:4-7

Altars:
Kikubaaqudgha
Nemelex Xobeh
Okawaru
Pakellas
Sif Muna
Zin

Annotations:
D:4 Edmund


Innate Abilities, Weirdness & Mutations

You can spit globs of burning liquid.
You can ignite nearby creatures when you spit burning liquid.
Your weird mottled scales are hard (AC +6).
Your body does not fit into most forms of armour.
You are cold-blooded and may be slowed by cold attacks.


Message History

Confirm with . or Enter, or press ? or * to list all spells.
Aiming: Searing Ray
Press: ? - help, Shift-Dir - straight line, f - scorpion
Aim: a scorpion The searing ray hits the scorpion.
The scorpion is lightly wounded.
The searing ray hits the scorpion.
The scorpion is moderately wounded.
The searing ray hits the scorpion.
The scorpion is almost dead.
The scorpion stings you!
You are poisoned.
The scorpion poisons you!
The searing ray hits the scorpion.
You kill the scorpion!
You have reached level 7!
Your scales start taking on a weird mottled colour.
You feel sick.
You feel sick.
Are you sure you want to abandon this character and quit the game? (Confirm with "yes".)

#.............########
###....##.##....@.#.....
#.......#.##.##.#.#.####
#.#.#.#...##.##.#..#.###
#...............#.###...
#.#.#.#.#..###..##.#.###
#..........# #.......###
#.#.#.#.#..###...##.....
#......@#.......#.#.####
#.#..####......###..####
#...............#.#.....
####.........###.##[....
#..#.#.#..# #.##.###.
##........# #....###.
#.#.#.#.####....#...
#.......###..##...##
#.#.#.#.##..####.###


There were no monsters in sight!

Vanquished Creatures
  An ice beast (D:4)
  A phantom (D:4)
  2 scorpions (D:4)
  A howler monkey (D:4)
  An orc priest (D:3)
  A centaur skeleton (D:4)
  A worker ant (D:4)
  A hound skeleton (D:4)
  4 adders
  2 oozes
  2 worms
  4 dart slugs
  2 giant geckos
  8 orcs (D:4)
  9 bats
  A giant cockroach (D:2)
  8 goblins
  4 hobgoblins
  10 kobolds
  A ball python (D:1)
  3 giant newts
  4 rats (D:1)
71 creatures vanquished.

Notes
Turn   | Place    | Note
--------------------------------------------------------------
     0 | D:1      | namelastname112 the Draconian Conjurer began the quest for the Orb.
     0 | D:1      | Reached XP level 1. HP: 14/14 MP: 3/3
   306 | D:1      | Reached XP level 2. HP: 20/20 MP: 3/5
   392 | D:1      | Learned a level 2 spell: Searing Ray
   549 | D:1      | Reached XP level 3. HP: 26/26 MP: 1/6
  1129 | D:2      | Found an oddly glowing altar of Pakellas.
  1519 | D:2      | Found a deep blue altar of Sif Muna.
  1520 | D:2      | Found an ancient bone altar of Kikubaaqudgha.
  1596 | D:2      | Reached skill level 5 in Conjurations
  1596 | D:2      | Reached XP level 4. HP: 33/33 MP: 1/8
  2675 | D:4      | Noticed an ice beast
  2716 | D:4      | Killed an ice beast
  2716 | D:4      | Reached XP level 5. HP: 38/38 MP: 0/11
  2808 | D:4      | Learned a level 5 spell: Iskenderun's Battlesphere
  2906 | D:4      | Reached skill level 1 in Charms
  2906 | D:4      | Reached XP level 6. HP: 34/45 MP: 0/12
  3071 | D:4      | Reached skill level 6 in Conjurations
  3339 | D:4      | Noticed Edmund
  3375 | D:4      | Found an iron altar of Okawaru.
  3740 | D:4      | Found a glowing silver altar of Zin.
  3929 | D:4      | Found a sparkling altar of Nemelex Xobeh.
  3977 | D:4      | Reached XP level 7. HP: 40/50 MP: 6/14
  3977 | D:4      | Your scales start taking on a weird mottled colour.
  3979 | D:4      | Quit the game

Vault maps used:
D:1:      nicolae_arrival_washed_ashore, serial_aquarium,
          aquarium_bridge_straight, aquarium_window_3, aquarium_window_corner,
          aquarium_view_2b, aquarium_balcony_5b, solitary_fountain,
          minmay_statues_item, hangedman_decor_opposing, grunt_decor_arrowhead
D:2:      nicolae_overflow_hidden_temple, gammafunk_temple_overflow_statue
D:3:      first_bread
D:4:      zin_academy, kennysheep_mini, serial_glass, glass_columns_a,
          glass_columns_b, glass_columns_b, glass_columns_b, grunt_ministairs_3,
          kennysheep_another_room, nemelex_lonely_heart_becter, uniq_edmund

Skill      XL: |  1  2  3  4  5  6 |
---------------+-------------------+-----
Spellcasting   | 3 4 |  4.7
Conjurations   | 5 6 |  6.3
Charms         | 1 2 |  2.3
Dodging        | |  1.7
Stealth        | |  1.7

Action                   |  1- 3 |  4- 6 |  7- 9 || total
-------------------------+-------+-------+-------++-------
Melee: Dagger            |    28 |    21 |       ||    49
       Unarmed           |    10 |       |       ||    10
 Cast: Magic Dart        |    76 |    99 |       ||   175
       Searing Ray       |       |    10 |       ||    10
  Eat: Chunk             |     2 |     3 |       ||     5
       Meat ration       |       |     1 |       ||     1
